 Dungeon Sprint DCSS version 0.19.5 (webtiles) character file.

1514 dwjmeijer the Unseen (level 8, -11/36 HPs)
             Began as a Spriggan Enchanter on Apr 25, 2017.
             Was a Follower of Nemelex Xobeh.
             Mangled by a centaur warrior (12 damage)
             ... in the Dungeon (Sprint I: "Red Sonja").
             The game lasted 00:02:31 (292 turns).

dwjmeijer the Unseen (Spriggan Enchanter)            Turns: 292, Time: 00:02:32

Health: -11/36     AC:  3    Str:  4    XL:     8   Next: 53%
Magic:  22/26      EV: 18    Int: 16    God:    Nemelex Xobeh [*.....]
Gold:   513        SH:  0    Dex: 19    Spells: 4 memorised, 24 levels left

rFire  . . .     SeeInvis +     a - +1 dagger
rCold  . . .     Gourm    .     b - +1 robe
rNeg   . . .     Faith    .     (shield restricted)
rPois  .         Spirit   .     (helmet restricted)
rElec  .         Reflect  .     (no cloak)
rCorr  .         Harm     .     (gloves unavailable)
MR     +....     NoTele   +     (boots unavailable)
Stlth  +++++++...               (no amulet)
                                (no ring)
                                (no ring)

@: very quick
A: unfitting armour, see invisible, herbivore 3, speed 3, slow metabolism 2
a: Renounce Religion


You were in the Dungeon.
You worshipped Nemelex Xobeh.
Nemelex Xobeh was aware of your devotion.
You were not hungry.

You visited 1 branch You collected 513 gold pieces.

Inventory:

Hand Weapons
 a - a +1 dagger (weapon)
Armour
 b - a +1 robe (worn)
Wands
 k - a wand of random effects (17/48)
Scrolls
 j - a scroll of blinking
Potions
 e - a potion of curing
 f - a potion of heal wounds
 g - a potion of haste
 h - 2 potions of magic
 i - a potion of berserk rage
 m - a potion of lignification {unknown}
 n - a potion of flight {unknown}
Books
 c - a book of Maledictions

   Spells                             Type                      Level
   a - Corona                         Hexes                        1
   b - Ensorcelled Hibernation        Hexes/Ice                    2
   c - Confuse                        Hexes                        3
   d - Tukima's Dance                 Hexes                        3
   e - Dazzling Spray                 Conjuration/Hexes            3
Miscellaneous
 l - a plain deck of summoning
Comestibles
 d - a bread ration


   Skills:
 - Level 1.1 Short Blades
 - Level 3.0 Dodging
 + Level 16.4 Stealth
 - Level 13.1 Spellcasting
 * Level 13.2 Hexes


You had 24 spell levels left.
You knew the following spells:

 Your Spells              Type           Power        Failure   Level  Hunger
a - Corona                Hex            ######.      1%          1    None
b - Ensorcelled Hibernat  Hex/Ice        ####..       1%          2    None
c - Confuse               Hex            ######..     1%          3    None
d - Dazzling Spray        Conj/Hex       ####..       1%          3    None


Dungeon Overview and Level Annotations

Branches:
Dungeon (1/1)

Altars:
Cheibriados
Dithmenos
Elyvilon
Fedhas
Gozag
Hepliaklqana
Kikubaaqudgha
Nemelex Xobeh
Okawaru
Qazlal
Ru
Sif Muna
Trog
Uskayaw
Vehumet
Yredelemnul
Zin
The Shining One

Shops:
D *([


Innate Abilities, Weirdness & Mutations

You are very small and have problems with some larger weapons.
You are too small for most types of armour.
You have supernaturally acute eyesight. (SInv)
You are a herbivore.
You cover ground extremely quickly.
You need consume almost no food.


Message History

You close the door.
You start resting.
A centaur warrior opens the door.
It is wielding a shortbow.
Cast which spell? (? or * to list)
Aiming: Ensorcelled Hibernation
Press: ? - help, Shift-Dir - straight line, f - centaur warrior
Aim: a centaur warrior, wielding a shortbow (chance to defeat MR: 42%)
The centaur warrior resists with some effort.
The centaur warrior unwields an uncursed shortbow.
The centaur warrior hits you!
* * * LOW HITPOINT WARNING * * *
Casting: Ensorcelled Hibernation
Confirm with . or Enter, or press ? or * to list all spells.
Aiming: Ensorcelled Hibernation
Press: ? - help, Shift-Dir - straight line, f/p - centaur warrior
Aim: a centaur warrior (chance to defeat MR: 42%)
The centaur warrior resists with some effort.
The centaur warrior hits you!
You die...
Your body disappears without a glow.

#..#####'#####'# ##
#..####..#...#(####§§
#..#__####..##(#§§≈§c#
#..#_____##'#..+§§≈§.+
#⌠⌠#_.∩...'..._#§§§§c#
####_..__##_.#'##§###
#_____###'#%#(%(§###
############.####c###(##
#∩........'...'.@.§.'[∩#
###++++####.).##########
##.## #+#


You could see a centaur warrior.

Vanquished Creatures
  Sonja (D)
  A deep troll (D)
  Sigmund (D)
  A yak (D)
  An ogre (D)
  A jelly (D)
  Ijyb (D)
7 creatures vanquished.

Notes
Turn   | Place    | Note
-------+----------+-------------------------------------------
     0 | D        | dwjmeijer the Spriggan Enchanter began the quest for the Orb.
     0 | D        | Reached XP level 1. HP: 9/9 MP: 5/5
     2 | D        | Noticed Ijyb
     8 | D        | Killed Ijyb
     8 | D        | Reached skill level 6 in Stealth
     8 | D        | Reached skill level 5 in Hexes
     8 | D        | Reached XP level 2. HP: 8/13 MP: 5/8
    19 | D        | Learned a level 2 spell: Ensorcelled Hibernation
   112 | D        | Noticed an ogre
   115 | D        | Killed an ogre
   115 | D        | Reached skill level 9 in Stealth
   115 | D        | Reached XP level 3. HP: 16/16 MP: 9/12
   115 | D        | Reached XP level 4. HP: 21/21 MP: 9/13
   152 | D        | Learned a level 3 spell: Confuse
   156 | D        | Learned a level 3 spell: Dazzling Spray
   157 | D        | Noticed Sigmund
   159 | D        | Killed Sigmund
   159 | D        | Reached skill level 11 in Stealth
   159 | D        | Reached XP level 5. HP: 24/24 MP: 13/17
   159 | D        | Reached XP level 6. HP: 28/28 MP: 14/19
   171 | D        | Found a deep blue altar of Sif Muna.
   173 | D        | Found a radiant altar of Vehumet.
   177 | D        | Reached skill level 12 in Stealth
   179 | D        | Found Uduikkam's Antique Weapon Emporium.
   179 | D        | Found an ancient bone altar of Kikubaaqudgha.
   179 | D        | Found a hazy altar of Hepliaklqana.
   179 | D        | Found a stormy altar of Qazlal.
   179 | D        | Found a hide-covered altar of Uskayaw.
   179 | D        | Found a blossoming altar of Fedhas.
   179 | D        | Found a bloodstained altar of Trog.
   179 | D        | Found an iron altar of Okawaru.
   179 | D        | Found a basalt altar of Yredelemnul.
   179 | D        | Found a glowing golden altar of the Shining One.
   179 | D        | Found a snail-covered altar of Cheibriados.
   179 | D        | Found a sacrificial altar of Ru.
   179 | D        | Found a glowing silver altar of Zin.
   179 | D        | Found a shadowy altar of Dithmenos.
   179 | D        | Found a white marble altar of Elyvilon.
   179 | D        | Noticed a yak
   180 | D        | Found an opulent altar of Gozag.
   181 | D        | Killed a yak
   181 | D        | Reached skill level 13 in Stealth
   181 | D        | Reached skill level 10 in Spellcasting
   181 | D        | Reached skill level 10 in Hexes
   182 | D        | Found a sparkling altar of Nemelex Xobeh.
   185 | D        | Became a worshipper of Nemelex Xobeh the Trickster
   193 | D        | Received a gift from Nemelex Xobeh
   216 | D        | Noticed Sonja
   220 | D        | Killed Sonja
   220 | D        | Reached skill level 15 in Stealth
   220 | D        | Reached XP level 7. HP: 32/32 MP: 20/23
   235 | D        | Found Estroax Duna's General Store.
   235 | D        | Reached * piety under Nemelex Xobeh
   255 | D        | Noticed a deep troll
   259 | D        | Killed a deep troll
   259 | D        | Reached skill level 16 in Stealth
   259 | D        | Reached XP level 8. HP: 36/36 MP: 24/26
   269 | D        | Found Qiohyk's Armour Emporium.
   285 | D        | Noticed a centaur warrior
   285 | D        | Noticed a centaur warrior
   291 | D        | HP: 1/36 [centaur warrior (11)]
   292 | D        | Mangled by a centaur warrior

Skill      XL: |  1  2  3  4  5  6  7 |
---------------+----------------------+-----
Stealth        | 6 9 11 15 16 | 16.4
Spellcasting   | 4 6 9 12 13 | 13.1
Hexes          | 5 7 9 12 13 | 13.2
Short Blades   | |  1.1
Dodging        | |  3.0

Action                   |  1- 3 |  4- 6 |  7- 9 || total
-------------------------+-------+-------+-------++-------
Melee: Dagger            |     7 |     4 |     1 ||    12
 Cast: Ensorcelled Hiber |       |       |     2 ||     2
 Stab: Sleeping          |     2 |     4 |     1 ||     7
Dodge: Dodged            |     4 |       |     1 ||     5
